 Dungeon Crawl Stone Soup version 0.13-a0-1590-g33f0eee (webtiles) character file.

580 mossmoist the Sneak (level 6, -5/28 HPs)
             Began as a Spriggan Enchanter on June 13, 2013.
             Slain by a green rat (9 damage)
             ... summoned by Eustachio
             ... on Level 4 of the Dungeon.
             The game lasted 00:50:53 (3348 turns).

mossmoist the Sneak (Spriggan Enchanter)            Turns: 3348, Time: 00:50:53

HP  -5/28        AC  3     Str  4      XL: 6   Next: 60%
MP   9/18        EV 20     Int 18      God:
Gold 165         SH  0     Dex 16 (17) Spells:  4 memorised,  2 levels left

Res.Fire  : . . .   See Invis. : +   a - +2 dagger {=f}
Res.Cold  : . . .   Warding    : .   b - +1 robe
Life Prot.: . . .   Conserve   : .   (shield restricted)
Res.Poison: .       Res.Corr.  : .   (helmet restricted)
Res.Elec. : .       Clarity    : .   (no cloak)
Sust.Abil.: . .     Spirit.Shd : .   (gloves unavailable)
Res.Mut.  : .       Stasis     : .   (boots unavailable)
Res.Rott. : .       Flight     : .   (no amulet)
Saprovore : . . .                    (no ring)
                                     (no ring)

@: very slightly contaminated, very quick, somewhat resistant to hostile
enchantments, quite stealthy
A: unfitting armour, see invisible, herbivore 3, speed 3, slow metabolism 2
a: no special abilities


You were on level 4 of the Dungeon.
You were not hungry.

You visited 1 branch of the dungeon, and saw 4 of its levels.

You collected 145 gold pieces.

Inventory:

Hand weapons
 a - a +2,+2 dagger (weapon) {=f}
 g - a +0,+0 dagger
 h - a +0,+0 orcish dagger
 k - a +2,+2 flail of holy wrath
 n - a +2,+1 sling of velocity
 o - a +2,+0 elven short sword
 q - a cursed -4,-1 orcish dagger
 t - a +1,+1 dagger
 x - a +2,+0 elven dagger
 y - a +0,+0 elven dagger
 z - a +0,+1 orcish dagger
Missiles
 d - 50 darts
 f - 30 sling bullets
 i - 2 poisoned darts (quivered)
 j - 16 bolts
 m - 28 arrows
 v - 18 poisoned needles
Armour
 b - a +1 robe (worn)
 s - a +0 animal skin
Magical devices
 e - a wand of fire (7) {unknown}
Comestibles
 l - 2 bread rations
Scrolls
 p - a scroll of identify
Potions
 B - a potion of porridge
Books
 c - a book of Maledictions

   Spells                             Type                      Level
   *Corona                            Hexes                        1
   Sure Blade                         Hexes/Charms                 2
   *Ensorcelled Hibernation           Hexes/Ice                    2
   *Confuse                           Hexes                        3
   *Enslavement                       Hexes                        4
   Invisibility                       Hexes                        6
 u - a book of Envenomations

   Spells                             Type                      Level
   Spider Form                        Transmutation/Poison         3
   Poison Weapon                      Charms/Poison                3
   Summon Scorpions                   Summoning/Poison             4
   Olgreb's Toxic Radiance            Poison                       4
   Poisonous Cloud                    Conjuration/Poison/Air       6


   Skills:
 + Level 2.5 Short Blades
 + Level 1.7 Slings
 - Level 2.0 Throwing
 * Level 5.5 Dodging
 * Level 5.9 Stealth
 * Level 3.9 Spellcasting
 + Level 4.6 Hexes


You had 2 spell levels left.
You knew the following spells:

 Your Spells              Type           Power        Failure   Level  Hunger
a - Corona                Hex            ###....      1%          1    None
b - Ensorcelled Hibernat  Hex/Ice        ##....       12%         2    ##.....
c - Confuse               Hex            ###.....     10%         3    ###....
d - Enslavement           Hex            ###.....     24%         4    ####...


Dungeon Overview and Level Annotations

Branches:
Dungeon (4/27)
 Temple: D:4-7

Altars:
Elyvilon
Trog

Portals:
Ossuary: D:4

Annotations
D:4 Eustachio


Innate Abilities, Weirdness & Mutations

You are tiny and cannot use many weapons and most armour.
You have supernaturally acute eyesight.
You are a herbivore.
You cover ground extremely quickly.
You need consume almost no food.


Message History

The white imp completely misses you.
Eustachio casts a spell.
Eustachio blinks!
The white imp disappears in a puff of smoke!
The green rat twitches its whiskers.
The green rat bites you.
* * * LOW HITPOINT WARNING * * *
You miss the bat. The bat completely misses you. The bat closely misses you.
The green rat bites you.
* * * LOW HITPOINT WARNING * * *
The green rat misses you. The bat hits you but does no damage.
The bat completely misses you. The bat barely misses you.
The bat closely misses you. The bat closely misses you.
The bat hits you but does no damage.
You hit Eustachio.
Eustachio is moderately wounded.
Eustachio completely misses you. The bat closely misses you.
The green rat bites you!
You die...

...[..........#
..............#
...........####
.............#
.........<...#
.............#
...........####
..........@...#
##........@r..##
##........rb...####
#.................#
#.................#
#.....................#
#.....[.......##.....#
#......##......#..∩..#
#..._## #......#.....#
.... ####...#.....#


You could see Eustachio, 2 green rats and a bat.

Vanquished Creatures
  Grinder (D:3)
  An orc priest (D:3)
  Terence (D:3)
  5 adders
  2 giant mites (D:3)
  2 worms (D:2)
  2 giant geckos (D:2)
  9 orcs
  6 bats
  2 giant cockroaches
  6 goblins
  9 hobgoblins
  2 jackals (D:2)
  2 quokkas
  9 giant newts
  7 kobolds
  An orc skeleton (D:4)
  5 rats
72 creatures vanquished.

Notes
Turn   | Place    | Note
--------------------------------------------------------------
     0 | D:1      | mossmoist, the Spriggan Enchanter, began the quest for the Orb.
     0 | D:1      | Reached XP level 1. HP: 9/9 MP: 4/4
   470 | D:1      | Reached XP level 2. HP: 13/13 MP: 6/6
   477 | D:1      | Learned a level 2 spell: Ensorcelled Hibernation
  1162 | D:2      | Found a bloodstained altar of Trog.
  1212 | D:2      | Reached XP level 3. HP: 13/16 MP: 9/9
  1357 | D:2      | Learned a level 3 spell: Confuse
  1390 | D:2      | Reached skill level 4 in Hexes
  1538 | D:2      | Reached XP level 4. HP: 14/21 MP: 2/12
  2406 | D:3      | Noticed Terence
  2478 | D:3      | Killed Terence
  2529 | D:3      | Reached XP level 5. HP: 24/24 MP: 10/15
  2531 | D:3      | Reached skill level 5 in Stealth
  2905 | D:3      | Learned a level 4 spell: Enslavement
  3055 | D:3      | Noticed Grinder
  3062 | D:3      | Paralysed by Grinder for 7 turns
  3137 | D:3      | Paralysed by Grinder for 3 turns
  3173 | D:3      | Killed Grinder
  3173 | D:3      | Reached skill level 1 in Slings
  3173 | D:3      | Reached skill level 5 in Dodging
  3173 | D:3      | Reached XP level 6. HP: 18/28 MP: 7/18
  3218 | D:3      | Paralysed by a potion of paralysis for 3 turns
  3291 | D:4      | Noticed Eustachio
  3317 | D:4      | Found a white marble altar of Elyvilon.
  3327 | D:4      | Found a sand-covered staircase.
  3348 | D:4      | Slain by a green rat

Action                   |  1- 3 |  4- 6 || total
-------------------------+-------+-------++-------
Melee: Dagger            |    96 |   124 ||   220
 Fire: Sling             |     2 |    22 ||    24
Throw: Dart              |    23 |    18 ||    41
 Cast: Corona            |    12 |    14 ||    26
       Ensorcelled Hiber |    12 |    27 ||    39
       Confuse           |     1 |     6 ||     7
  Use: Scroll            |     8 |     2 ||    10
       Potion            |       |    14 ||    14
 Stab: Sleeping          |    10 |    16 ||    26
